 Dungeon Crawl Stone Soup version 0.30-a0-953-g5f1da4a474 (webtiles) character file.

Game seed: 9215336028286381519

353 FallingFreak the Trooper (level 6, 52/52 HPs)
             Began as a Ghoul Warper on Mar 27, 2023.
             Quit the game on level 4 of the Dungeon on Mar 28, 2023.
             The game lasted 00:17:40 (4380 turns).

FallingFreak the Trooper (Ghoul Warper)             Turns: 4380, Time: 00:17:41

Health: 52/52      AC: 12    Str: 21    XL:     6   Next: 62%
Magic:  9/9        EV: 21    Int: 16    God:
Gold:   78         SH:  0    Dex:  8    Spells: 3/10 levels left

rFire   . . .      SeeInvis .    m - +0 war axe
rCold   + . .      Faith    .    (no shield)
rNeg    + + +      Spirit   .    l - +0 plate armour
rPois   ∞          Reflect  .    (no helmet)
rElec   .          Rampage  .    (no cloak)
rCorr   .                        (no gloves)
Will    .....                    i - +0 pair of boots Stlth
                                 E - amulet of the acrobat {@P7}
HPRegen 0.00/turn                g - +6 ring of strength
MPRegen 0.11/turn                w - +6 ring of intelligence

@: acrobatic, inhibited regen
A: claws 1, cold resistance 1, negative energy resistance 3, inhibited
regeneration, torment resistance 2, devour on kill
a: no special abilities


You were on level 4 of the Dungeon.
You visited 1 branch of the dungeon, and saw 4 of its levels.

You collected 158 gold pieces.
You spent 80 gold pieces at shops.

Inventory:

Hand Weapons
 a - a +0 spear
 c - a +0 dagger of freezing
 m - a +0 war axe (weapon)
 n - a +0 whip of freezing
 D - a +1 great sword of freezing
Missiles
 d - 7 boomerangs of dispersal {!f}
 j - a throwing net {!f}
 k - 4 javelins (quivered)
Armour
 b - a +0 leather armour
 i - a +0 pair of boots (worn)
 l - a +0 plate armour (worn)
 o - a +0 chain mail
 p - a +0 ring mail
 s - a +0 scale mail
Jewellery
 g - a +6 ring of strength (left claw)
 v - a ring of magical power
 w - a +6 ring of intelligence (right claw)
 x - a ring of magical power
 E - an amulet of the acrobat (around neck) {@P7}
Wands
 O - a wand of paralysis (12)
Scrolls
 f - a scroll of blinking
 h - 2 scrolls of magic mapping
 r - 3 scrolls of identify
 y - 2 scrolls of fog
 C - a scroll of brand weapon {unknown}
 T - a scroll of silence
Potions
 e - 5 potions of heal wounds {unknown}
 q - 3 potions of invisibility {unknown}
 t - a potion of brilliance {unknown}
 u - 4 potions of might {unknown}
 z - a potion of flight {unknown}
 A - 2 potions of ambrosia {unknown}
 B - a potion of haste {unknown}


   Skills:
 + Level 3.8 Fighting
 + Level 3.1 Polearms
 - Level 0.8 Throwing
 + Level 2.6 Armour
 - Level 1.7 Dodging
 + Level 2.9 Spellcasting
 + Level 3.7 Translocations


You had 3 spell levels left.
You knew the following spells:

 Your Spells              Type           Power      Damage    Failure   Level
c - Blink                 Tloc           28%        N/A       85%         2
A - Teleport Other        Tloc           14%        N/A       97%         3
Z - Lesser Beckoning      Tloc           28%        N/A       85%         2

Your spell library contained the following spells:

 Spells                   Type           Power      Damage    Failure   Level
 Vhi's Electric Charge    Tloc/Air       16%        N/A       100%        3
 Manifold Assault         Tloc           14%        N/A       100%        4
 Summon Hydra             Summ           1%         N/A       100%        7
 Sublimation of Blood     Necr           Unusable   N/A       N/A         2
 Wereblood                Tmut           Unusable   N/A       N/A         2

Dungeon Overview and Level Annotations

Branches:
Dungeon (4/15) Zot: 19544
 Temple: D:4-7

Altars:
Cheibriados
Trog

Shops:
D:2 ?[!*

Annotations:
D:3 2 transporters, demibob's ghost, amateur DsBe


Innate Abilities, Weirdness & Mutations

You are immune to poison.
You have sharp fingernails.
Your flesh is cold resistant. (rC+)
You are immune to negative energy. (rN+++)
You do not regenerate when monsters are visible.
You are immune to unholy pain and torment.
You thrive by killing the living.


Message History

Cleave: m) +0 war axe
Press: ? - help, Dir - move target, f - you That would be overly suicidal.
Okay, then.
Cleave: m) +0 war axe
Press: ? - help, Dir - move target, f - you That would be overly suicidal.
Okay, then.
Cleave: m) +0 war axe
Press: ? - help, Dir - move target, f - you That would be overly suicidal.
Okay, then.
Cleave: m) +0 war axe
Press: ? - help, Dir - move target, f - you That would be overly suicidal.
Okay, then.
Cleave: m) +0 war axe
Press: ? - help, Dir - move target, f - you That would be overly suicidal.
Okay, then.
Unknown command.
You see here a hound corpse.
The ogre shouts!
You see here 10 gold pieces.
You see here a hound corpse.
Press: ? - help, v - describe, . - travel
Here: an ogre, wielding a +0 giant club The floor.
Unknown command.
Unknown command.
Saving game... please wait.
Welcome back, FallingFreak the Ghoul Warper.
Press ? for a list of commands and other information.
Unknown command.
Unknown command.
Unknown command.
Unknown command.
Unknown command.
Unknown command.
Are you sure you want to abandon this character and quit the game? (Confirm with "yes".)

...............###.......#
...............@.......>.#
...............###.......#
.......^.......# #......)#######
............O..# #.............#
...............# #.............#
..............# #.............##
.............# #...............
............# ######........##
.................# #..>.<.....
.............$...# #.........#
.................# #..........
.................########........##
.................#.................
.................#..............###
.................#..............#
.†...............#.......########


You could see an ogre.

Vanquished Creatures
  A scorpion (D:2)
  A hound (D:4)
  A jelly (D:4)
  Natasha (thrice) (D:3)
  An iguana (D:4)
  An orc wizard (D:3)
  3 gnolls (D:2)
  2 adders
  A worm (D:2)
  2 dart slugs
  4 orcs
  2 ball pythons
  10 endoplasms
  4 giant cockroaches
  A hobgoblin (D:2)
  2 jackals (D:2)
  6 kobolds
  4 quokkas
  4 bats
  2 frilled lizards
  5 rats
60 creatures vanquished.

Vanquished Creatures (others)
  19 plants (D:2)
19 creatures vanquished.

Grand Total: 79 creatures vanquished

Notes
Turn   | Place    | Note
-------+----------+-------------------------------------------
     0 | D:1      | FallingFreak the Ghoul Warper began the quest for the Orb.
     0 | D:1      | Reached XP level 1. HP: 17/17 MP: 2/2
   450 | D:1      | Reached skill level 1 in Armour
   662 | D:1      | Reached XP level 2. HP: 25/25 MP: 3/3
  1206 | D:1      | Found a faded altar of an unknown god.
  1564 | D:2      | Found Holuv's Assorted Antiques.
  1803 | D:2      | Noticed a scorpion
  1809 | D:2      | Killed a scorpion
  1810 | D:2      | Increase (s)trength, (i)ntelligence, or (d)exterity?
  1810 | D:2      | Reached XP level 3. HP: 30/30 MP: 5/5
  1810 | D:2      | Reached XP level 4. HP: 37/37 MP: 6/6
  1893 | D:2      | Reached XP level 5. HP: 34/45 MP: 7/7
  2117 | D:2      | Found Ynoutues's Distillery.
  2264 | D:2      | Found Pivvossi's Antique Armour Shoppe.
  2297 | D:2      | Found Hicaewna's Magic Scroll Emporium.
  2307 | D:2      | Bought a scroll of identify for 20 gold pieces
  2307 | D:2      | Bought a scroll of identify for 20 gold pieces
  2307 | D:2      | Bought a scroll of identify for 20 gold pieces
  2307 | D:2      | Bought a scroll of identify for 20 gold pieces
  2472 | D:3      | Identified the +6 great mace of the Mosquito {freeze,
                  | *Noise rPois rF- Stlth+}
  2472 | D:3      | Noticed an ogre
  2472 | D:3      | Noticed demibob's ghost (amateur DsBe)
  2472 | D:3      | Found a transporter.
  2472 | D:3      | Found a transporter.
  2483 | D:3      | Noticed an ogre
  2529 | D:3      | Noticed Natasha
  2534 | D:3      | Killed Natasha
  2548 | D:3      | Learned a level 2 spell: Blink
  2551 | D:3      | Learned a level 2 spell: Lesser Beckoning
  2555 | D:3      | Learned a level 3 spell: Teleport Other
  2563 | D:3      | Found a snail-covered altar of Cheibriados.
  2568 | D:3      | Found a bloodstained altar of Trog.
  2614 | D:3      | Noticed Natasha
  2624 | D:3      | Killed Natasha
  3205 | D:3      | Noticed Natasha
  3214 | D:3      | Killed Natasha
  3323 | D:3      | Reached XP level 6. HP: 35/51 MP: 9/9
  4138 | D:3      | Upgraded the game from 0.30-a0-949-g53dc5368d7 to
                  | 0.30-a0-953-g5f1da4a474
  4380 | D:4      | Quit the game

Illustrated notes

Levels and vault maps discovered:
D:1:      saegor_arrival_simple_d, layout_basic, basic_ecumenical_altar,
          serial_co_window_serial, co_window_of_opportunity_a,
          co_window_paths_a, co_window_paths_b, co_window_paths_a,
          co_window_of_opportunity_a, co_window_cross_3, co_window_corner_b,
          co_window_corner_b, co_window_corner_cb, co_window_unsneaky_path_d,
          co_window_4corner_a, glass_columns_c, glass_columns_b
D:2:      layout_loops_ring, serial_shops, nicolae_shop_advertising_works
          [nicolae_subvault_shop_adworks], nicolae_shop_hallway_plus,
          nicolae_shop_overgrown_old_shop, nicolae_shop_trees,
          serial_bayou_pond_c
D:3:      layout_basic, mainiacjoe_overflow_big_doors, gammafunk_ghost_smash,
          chequers_serial_rivers_micro_c, uniq_natasha
D:4:      layout_basic

Skill      XL: |  1  2  3  4  5  6 |
---------------+-------------------+-----
Armour         | 1 2 |  2.6
Polearms       | 2 3 |  3.1
Spellcasting   | 2 |  2.9
Translocations | 3 |  3.7
Fighting       | 3 |  3.8
Throwing       | |  0.8
Dodging        | |  1.7

Action                     |  1- 3 |  4- 6 || total
---------------------------+-------+-------++-------
  Melee: Dagger            |    55 |       ||    55
         Punch             |     1 |     1 ||     2
         War axe           |     8 |   141 ||   149
  Throw: Javelin           |     3 |    14 ||    17
    Use: Scroll            |       |     3 ||     3
 Armour: Leather armour    |    22 |       ||    22
         Plate armour      |     7 |   118 ||   125
  Dodge: Dodged            |    29 |    41 ||    70

Table legend: (Time is in decaauts)
 A = Elapsed time spent in this place.
 B = Non-inter-level travel time spent in this place.
 C = Inter-level travel time spent in this place.
 D = Time resting spent in this place.
 E = Time spent auto-exploring this place.
 F = Levels seen in this place.
 G = Mean time per level.
                   A        B        C        D        E       F      G
               +--------+--------+--------+--------+--------+-----+--------+
         Total |   4455 |   4126 |    329 |    999 |   2419 |   4 | 1113.8 |
       Dungeon |   4455 |   4126 |    329 |    999 |   2419 |   4 | 1113.8 |
               +--------+--------+--------+--------+--------+-----+--------+

Top non-repeatable levels by time:
     D:3: 1743 daAuts
     D:1: 1577 daAuts
     D:2: 920 daAuts
     D:4: 213 daAuts
